[Event "*** Titled Tuesday Blitz"]
[Site "Chess.com"]
[Date "2020.01.07"]
[Round "7"]
[White "Sergey85Rodchenkov"]
[Black "Simon2049"]
[Result "1-0"]
[WhiteElo "2459"]
[BlackElo "2172"]
[TimeControl "180+2"]
[EndTime "14:32:14 PST"]
[Termination "Sergey85Rodchenkov won by checkmate"]

1. e4 c5 2. Nf3 Nc6 3. d4 cxd4 4. Nxd4 Nf6 5. Nc3 d6 6. f3 g6 7. Be3 Bg7 8. Qd2 O-O 9. O-O-O d5 10. Kb1 e5 11. Nxc6 bxc6 12. exd5 Nxd5 13. Nxd5 cxd5 14. Qxd5 Qc7 15. Qc5 Qb7 16. Bc4 Rb8 17. b3 a5 18.
Qa7 Qb4 19. Bc5 Qc3 20. Bxf8 Bxf8 21. Qxf7+ Kh8 22. Qg8# 1-0

[Event "*** Titled Tuesday Blitz"]
[Site "Chess.com"]
[Date "2020.01.07"]
[Round "7"]
[White "SCIM"]
[Black "2165149677570"]
[Result "1-0"]
[WhiteElo "2469"]
[BlackElo "2291"]
[TimeControl "180+2"]
[EndTime "14:32:24 PST"]
[Termination "SCIM won by resignation"]

1. d4 Nf6 2. c4 b6 3. Nc3 Bb7 4. d5 e6 5. Nf3 Bb4 6. Bg5 h6 7. Bxf6 Qxf6 8. Rc1 O-O 9. e3 d6 10. Be2 Nd7 11. O-O Bxc3 12. Rxc3 e5 13. Nd2 Qg6 14. e4 f5 15. exf5 Qxf5 16. Bg4 1-0

[Event "*** Titled Tuesday Blitz"]
[Site "Chess.com"]
[Date "2020.01.07"]
[Round "7"]
[White "NTBT_DHS"]
[Black "ChessyInstinct"]
[Result "1-0"]
[WhiteElo "2629"]
[BlackElo "2464"]
[TimeControl "180+2"]
[EndTime "14:32:26 PST"]
[Termination "NTBT_DHS won by resignation"]

1. e4 e5 2. Nf3 Nc6 3. Bc4 Bc5 4. d4 exd4 5. Ng5 Ne5 6. Nxf7 Bb4+ 7. c3 dxc3 8. bxc3 Qf6 9. Nxh8 Nxc4 10. Qd5 Ne5 11. Qxg8+ Bf8 12. O-O d6 13. Bg5 Qxg5 14. f4 Nf3+ 15.
Rxf3 Qc5+ 16. Kh1 d5 17. Qf7+ Kd8 18. Nd2 Bg4 19. Rd3 c6 20. exd5 Bd6 21. dxc6 bxc6 22.
Ne4 1-0

[Event "*** Titled Tuesday Blitz"]
[Site "Chess.com"]
[Date "2020.01.07"]
[Round "7"]
[White "chigorin28"]
[Black "econpower"]
[Result "1-0"]
[WhiteElo "2472"]
[BlackElo "2595"]
[TimeControl "180+2"]
[EndTime "14:32:39 PST"]
[Termination "chigorin28 won on time"]

1. e4 c5 2. Nf3 d6 3. d4 cxd4 4.
Nxd4 Nf6 5. Nc3 e6 6. Bg5 Be7 7. f4 a6 8. Qf3 Nc6 9. O-O-O Qc7 10. Nxc6 Qxc6 11. Qg3 O-O 12. e5 dxe5 13. fxe5 Nh5 14.
Qh4 Bxg5+ 15. Qxg5 g6 16. Be2 Ng7 17. Bf3 Qc7 18.
Ne4 Ne8 19. Nf6+ Nxf6 20. exf6 Kh8 21. Rd4 1-0

[Event "*** Titled Tuesday Blitz"]
[Site "Chess.com"]
[Date "2020.01.07"]
[Round "7"]
[White "Bagirova"]
[Black "tteshan"]
[Result "0-1"]
[WhiteElo "2118"]
[BlackElo "2285"]
[TimeControl "180+2"]
[EndTime "14:32:45 PST"]
[Termination "tteshan won by resignation"]

1. e4 e6 2. d4 d5 3. Nd2 c5 4.
exd5 Qxd5 5. Ngf3 Nc6 6. Ng1 Nf6 7. Ngf3 cxd4 8. Bc4 Qd8 9. Bd5 Nxd5 10. O-O Bd6 11.
Nc4 Bc7 12. Nxd4 Nxd4 13. Qxd4 O-O 14. c3 b5 15. Ne3 Bb7 16. a4 bxa4 17. Rxa4 Bb6 18.
Qg4 Nxe3 19. fxe3 Qd3 20. Raf4 Bxe3+ 21. Bxe3 Qxe3+ 22. Kh1 Rad8 0-1

[Event "*** Titled Tuesday Blitz"]
[Site "Chess.com"]
[Date "2020.01.07"]
[Round "7"]
[White "Misi_95"]
[Black "Babbelbox"]
[Result "1-0"]
[WhiteElo "2715"]
[BlackElo "2521"]
[TimeControl "180+2"]
[EndTime "14:32:50 PST"]
[Termination "Misi_95 won by resignation"]

1. e4 e5 2. Nf3 Nc6 3. Nc3 Nf6 4. Bb5 Bd6 5. O-O O-O 6. d3 Re8 7. Bg5 h6 8. Bh4 Nd4 9. Nxd4 exd4 10. Ne2 g5 11.
Bg3 Bxg3 12. fxg3 d5 13. Bxe8 Nxe8 14. e5 c5 15. Qd2 Be6 16. c3 dxc3 17. bxc3 d4 18.
cxd4 cxd4 19. Rab1 Qd5 20. Rb4 Rd8 21. Kh1 Qc5 22.
Ng1 Ng7 23. Rc1 Qd5 24. Nf3 Nf5 25. g4 a5 26. gxf5 1-0

[Event "*** Titled Tuesday Blitz"]
[Site "Chess.com"]
[Date "2020.01.07"]
[Round "7"]
[White "enriquetejedor"]
[Black "Martins-BR"]
[Result "1-0"]
[WhiteElo "2491"]
[BlackElo "2329"]
[TimeControl "180+2"]
[EndTime "14:32:53 PST"]
[Termination "enriquetejedor won by resignation"]

1. e4 c5 2. Nc3 a6 3. Nf3 e6 4.
d4 cxd4 5. Nxd4 Qc7 6. a4 Nc6 7. Nb3 b6 8. g3 Bb7 9. Bg2 Nf6 10. O-O Be7 11. Nd5 exd5 12. exd5 Nd8 13. Re1 d6 14.
Nd4 Bc8 15. Ra3 O-O 16. Rc3 Qa7 17. Rce3 Re8 18. Qe2 Kf8 19. b3 b5 20. Ba3 Qxd4 21.
Rxe7 1-0

[Event "*** Titled Tuesday Blitz"]
[Site "Chess.com"]
[Date "2020.01.07"]
[Round "7"]
[White "Karina_Ivanova"]
[Black "davigator"]
[Result "0-1"]
[WhiteElo "2163"]
[BlackElo "2325"]
[TimeControl "180+2"]
[EndTime "14:33:08 PST"]
[Termination "davigator won by resignation"]

1. Nf3 d5 2. g3 Bg4 3. Bg2 Nd7 4.
O-O c6 5. h3 Bh5 6. d4 e6 7. c4 Ngf6 8. Nc3 Be7 9. Nd2 O-O 10.
Qb3 Qb6 11. Qxb6 Nxb6 12. b3 a5 13. a3 Rfd8 14. c5 Nbd7 15. Bb2 Bg6 16. b4 Re8 17. f3 Bd8 18. e4 e5 19. dxe5 Nxe5 20. exd5 Nd3 21.
dxc6 bxc6 22. Na4 Nxb2 23. Nxb2 axb4 24. axb4 Rb8 25. Ra4 Nd5 26. f4 Bc2 27. Ra8 Rxa8 0-1

[Event "*** Titled Tuesday Blitz"]
[Site "Chess.com"]
[Date "2020.01.07"]
[Round "7"]
[White "djano"]
[Black "Kimster98"]
[Result "0-1"]
[WhiteElo "2399"]
[BlackElo "2594"]
[TimeControl "180+2"]
[EndTime "14:33:14 PST"]
[Termination "Kimster98 won by resignation"]

1. c4 e5 2. Nc3 d6 3. Nf3 f5 4. g3 Nf6 5. Bg2 c6 6. d4 e4 7. Ng5 d5 8. f3 Bd6 9. fxe4 fxe4 10. cxd5 cxd5 11. Qb3 Nc6 12. Be3 h6 13. Nh3 Na5 14. Qd1 Nc4 15. Bc1 Ng4 16. Nxd5 Qa5+ 17. Nc3 Nge3 18. Bxe3 Nxe3 19. Qb3 Nxg2+ 20. Kf2 Bxh3 21.
Nxe4 Qf5+ 22. Qf3 Be7 23. Rhf1 O-O 24. Kg1 Qxf3 25. exf3 Ne3 26. Rf2 Rac8 0-1

[Event "*** Titled Tuesday Blitz"]
[Site "Chess.com"]
[Date "2020.01.07"]
[Round "7"]
[White "13MiRacLe"]
[Black "nubair1198"]
[Result "0-1"]
[WhiteElo "2705"]
[BlackElo "2914"]
[TimeControl "180+2"]
[EndTime "14:33:19 PST"]
[Termination "nubair1198 won by resignation"]

1. e4 Nf6 2. e5 Nd5 3. d4 d6 4. c4 Nb6 5. exd6 cxd6 6. Nc3 g6 7. Be3 Bg7 8. Rc1 O-O 9. b3 e5 10. dxe5 dxe5 11. Qxd8 Rxd8 12. c5 N6d7 13. Bc4 Nc6 14. Ne4 Na5 15. Bg5 Rf8 16. Bd5 h6 17. Bd2 Nc6 18.
Nf3 Kh7 19. Nd6 Ne7 20. Bxf7 e4 21. Nxe4 Rxf7 22. O-O Rxf3 23. gxf3 Ne5 24. f4 Nf3+ 25.
Kg2 Nh4+ 26. Kh1 Be6 27. f3 Bd5 28. Kg1 Bd4+ 29. Kh1 Nxf3 0-1

[Event "*** Titled Tuesday Blitz"]
[Site "Chess.com"]
[Date "2020.01.07"]
[Round "7"]
[White "brendan174"]
[Black "narutosmith"]
[Result "0-1"]
[WhiteElo "2092"]
[BlackElo "2239"]
[TimeControl "180+2"]
[EndTime "14:33:28 PST"]
[Termination "narutosmith won by resignation"]

1. d4 Nf6 2. Nc3 d5 3. Bf4 a6 4. e3 g6 5. Nf3 Bg7 6. Bd3 O-O 7. O-O c5 8. dxc5 Qa5 9. Qd2 Qxc5 10. Rab1 Nc6 11.
e4 dxe4 12. Nxe4 Nxe4 13. Bxe4 Bg4 14. h3 Be6 15. Be3 Qh5 16. Rfd1 Rfd8 17. Qe2 Bxa2 18. Ra1 Be6 19. c3 Bb3 20. Rxd8+ Rxd8 21. Bxc6 bxc6 22. Qxa6 c5 23. Qb6 Qd5 24. Qxc5 Qd3 25. Qxe7 Be6 26.
Ng5 Be5 27. Nxe6 Qd1+ 0-1

[Event "*** Titled Tuesday Blitz"]
[Site "Chess.com"]
[Date "2020.01.07"]
[Round "7"]
[White "Gareth-Bale11"]
[Black "nurmiTV"]
[Result "1-0"]
[WhiteElo "2731"]
[BlackElo "2545"]
[TimeControl "180+2"]
[EndTime "14:33:29 PST"]
[Termination "Gareth-Bale11 won by resignation"]

1. e4 c5 2. Nf3 e6 3. b3 Nf6 4.
e5 Nd5 5. Bb2 Nc6 6. Be2 d6 7.
exd6 Bxd6 8. O-O O-O 9. Re1 e5 10. Na3 e4 11. Bc4 exf3 12. Bxd5 fxg2 13. Bxg2 Qh4 14. Nc4 Qxh2+ 15. Kf1 Bh3 16. Qf3 Qh1+ 17. Ke2 Rfe8+ 18. Kd3 Nb4+ 19. Kc3 Rxe1 20. Bxh1 Bf1 21. Nxd6 Rd8 22. Qxf7+ Kh8 23. a3 1-0

[Event "*** Titled Tuesday Blitz"]
[Site "Chess.com"]
[Date "2020.01.07"]
[Round "7"]
[White "ural58"]
[Black "Kostina_Nadezhda"]
[Result "0-1"]
[WhiteElo "2329"]
[BlackElo "2163"]
[TimeControl "180+2"]
[EndTime "14:33:32 PST"]
[Termination "Kostina_Nadezhda won by resignation"]

1. e4 c5 2. b3 Nf6 3. e5 Nd5 4. Nc3 Nxc3 5. dxc3 Nc6 6. Nf3 Qc7 7. Bf4 g6 8. Bc4 Bg7 9. Bxf7+ Kf8 10. O-O Nxe5 11. Bxe5 Bxe5 12. Qd5 Bf6 13. Rae1 e6 14. Bxe6 dxe6 15.
Qc4 Bd7 16. b4 Rc8 17. b5 Kg7 18. a4 Rhe8 19. h4 e5 20. h5 Be6 21. hxg6 Bxc4 0-1

[Event "*** Titled Tuesday Blitz"]
[Site "Chess.com"]
[Date "2020.01.07"]
[Round "7"]
[White "esteban062000"]
[Black "HrvojeZagreb"]
[Result "0-1"]
[WhiteElo "2057"]
[BlackElo "2220"]
[TimeControl "180+2"]
[EndTime "14:33:54 PST"]
[Termination "HrvojeZagreb won by resignation"]

1. Nf3 f5 2. b3 Nf6 3. Bb2 d6 4. c4 e5 5. d3 Be7 6. g3 O-O 7. Bg2 Qe8 8. b4 a5 9. b5 Nbd7 10. O-O a4 11. a3 Nc5 12. Nbd2 Qh5 13. Qc2 f4 14. d4 Bf5 15. Qc1 exd4 16. Bxd4 Bh3 17.
Bxc5 dxc5 18. Qc3 Ng4 19. Qc2 Bf6 20. Rab1 Bd4 21. Nh4 Bxg2 22. Kxg2 fxg3 23. hxg3 Rxf2+ 24. Rxf2 Ne3+ 0-1

[Event "*** Titled Tuesday Blitz"]
[Site "Chess.com"]
[Date "2020.01.07"]
[Round "7"]
[White "CastleOasisChess"]
[Black "kkpanu9"]
[Result "1/2-1/2"]
[WhiteElo "2052"]
[BlackElo "2098"]
[TimeControl "180+2"]
[EndTime "14:34:12 PST"]
[Termination "Game drawn by agreement"]

1. d4 Nf6 2. e3 g6 3. Bd3 Bg7 4. Nd2 O-O 5. c3 d5 6. f4 Bg4 7. Ngf3 b6 8. O-O c5 9. Qe1 Nc6 10. Ne5 Bd7 11. b3 cxd4 12. exd4 Rc8 13. Nxd7 Nxd7 14. Ba3 Re8 15. Nf3 Qc7 16. Ne5 Na5 17.
Rc1 Nb7 18. Ba6 Rb8 19. c4 Nxe5 20. fxe5 f6 21. Bb5 Red8 22. exf6 exf6 23. cxd5 Qf7 24. d6 Kh8 25. Rc7 Qf8 26. Qe7 1/2-1/2

[Event "*** Titled Tuesday Blitz"]
[Site "Chess.com"]
[Date "2020.01.07"]
[Round "7"]
[White "kasparicy"]
[Black "Borsuk_Konstantin"]
[Result "0-1"]
[WhiteElo "2314"]
[BlackElo "2485"]
[TimeControl "180+2"]
[EndTime "14:34:14 PST"]
[Termination "Borsuk_Konstantin won by resignation"]

1. e4 e6 2. d4 d5 3. Nd2 Nf6 4. e5 Nfd7 5. Bd3 c5 6. c3 Nc6 7.
Ngf3 b6 8. O-O cxd4 9. cxd4 Nb4 10. Bb1 Ba6 11. Re1 Nd3 12. Re3 Nxc1 13. Qxc1 Rc8 14. Rc3 Bb4 15. Rxc8 Qxc8 16. Qxc8+ Bxc8 17. a3 Be7 18. Bd3 f6 19. Rc1 Kd8 20. Kf1 f5 21. Ke2 g5 22. b4 g4 23. Ne1 h5 24. f4 Nf8 25.
Nc2 Ng6 26. Ke3 h4 27. Nb3 Bd7 28. Rf1 Ba4 29. Nc1 Kd7 30. Ne2 Rc8 31. Rc1 a5 32. bxa5 bxa5 33. Kd2 Rb8 34. Nc3 Bxc2 35. Bxc2 Bxa3 36.
Ba4+ Ke7 37. Nb5 Bxc1+ 0-1

[Event "*** Titled Tuesday Blitz"]
[Site "Chess.com"]
[Date "2020.01.07"]
[Round "7"]
[White "TypeThreeWaffles"]
[Black "guillembaches"]
[Result "0-1"]
[WhiteElo "2434"]
[BlackElo "2299"]
[TimeControl "180+2"]
[EndTime "14:34:16 PST"]
[Termination "guillembaches won by resignation"]

1. e4 c5 2. Nf3 d6 3. d4 cxd4 4. Nxd4 Nf6 5. Nc3 a6 6. Bc4 e6 7. Bb3 b5 8. O-O Be7 9. Qf3 Qb6 10. Be3 Qb7 11. a3 O-O 12. Qg3 Bd7 13. f3 Nc6 14.
Nxc6 Bxc6 15. Ne2 e5 16. Rfd1 Kh8 17. Bg5 Rad8 18. Bxf6 Bxf6 19. Nc3 h6 20. Bd5 Bg5 21.
Qf2 Rc8 22. Bxc6 Qxc6 23. Rd3 f5 24. exf5 Rxf5 25. Rad1 Be7 26. Nd5 Bf8 27. c3 e4 28.
Nb4 Qe8 29. Re3 d5 30. Rxd5 Rxd5 31. Nxd5 Bc5 32. fxe4 Bxe3 33. Qxe3 Qe5 34. Qd4 Qxd4+ 35. cxd4 Rc1+ 36. Kf2 Rc2+ 37. Kf3 Rxb2 38. e5 Kg8 39. Ne3 a5 40. d5 b4 41. axb4 a4 42.
d6 Kf7 43. Nc4 Rxb4 0-1

[Event "*** Titled Tuesday Blitz"]
[Site "Chess.com"]
[Date "2020.01.07"]
[Round "7"]
[White "Saloni1299"]
[Black "Sjakkerntobi"]
[Result "1-0"]
[WhiteElo "2130"]
[BlackElo "2277"]
[TimeControl "180+2"]
[EndTime "14:34:18 PST"]
[Termination "Saloni1299 won by checkmate"]

1. e4 c5 2. Nf3 e6 3. d4 cxd4 4. Nxd4 Nc6 5. Nc3 Qc7 6. f4 Bb4 7. Nb5 Qb8 8. a3 Be7 9. Be3 a6 10. Nd4 Nf6 11. Be2 d6 12. O-O O-O 13. Bd3 Nxd4 14.
Bxd4 e5 15. Be3 exf4 16. Bxf4 Be6 17. h3 Rd8 18. Qe2 b5 19. Rae1 Nd7 20. Qh5 Ne5 21. Nd5 Bf8 22. Rf2 Nxd3 23. cxd3 g6 24. Nf6+ Kg7 25. Qxh7+ Kxf6 26. Bxd6+ Bf5 27. Bxb8 Raxb8 28. exf5 Bc5 29. fxg6+ Bxf2+ 30. Kxf2 fxg6 31. Qe7+ Kf5 32. Re5+ Kf4 33. Qg5# 1-0

[Event "*** Titled Tuesday Blitz"]
[Site "Chess.com"]
[Date "2020.01.07"]
[Round "7"]
[White "Rud_Makarian"]
[Black "Gordima"]
[Result "0-1"]
[WhiteElo "2666"]
[BlackElo "2808"]
[TimeControl "180+2"]
[EndTime "14:34:20 PST"]
[Termination "Gordima won by resignation"]

1. d4 d5 2. c4 e6 3. Nf3 Nf6 4.
Nc3 Bb4 5. Qb3 c5 6. dxc5 Nc6 7. a3 Qa5 8. Bg5 d4 9. Bxf6 gxf6 10. Rc1 Bxc5 11.
Qb5 dxc3 12. Qxa5 Nxa5 13. b4 Be7 14. bxa5 Bxa3 15. Rc2 Bd7 16. Nd4 Ba4 17. Ra2 Bb4 18. Nc2 Bxc2 19. Rxc2 Ke7 20. e3 Rhd8 21. a6 Rd2 22.
axb7 Rb8 23. Rxd2 c2 0-1

[Event "*** Titled Tuesday Blitz"]
[Site "Chess.com"]
[Date "2020.01.07"]
[Round "7"]
[White "riconaipe"]
[Black "Er_is_geen_hoop_meer"]
[Result "0-1"]
[WhiteElo "2573"]
[BlackElo "2450"]
[TimeControl "180+2"]
[EndTime "14:34:22 PST"]
[Termination "Er_is_geen_hoop_meer won on time"]

1. d4 f5 2. c4 Nf6 3. Nc3 e6 4. e3 Bb4 5. Bd3 O-O 6. Ne2 b6 7. O-O Bb7 8. f3 Qe8 9. Bd2 Qh5 10. Qe1 Bd6 11. Nf4 Bxf4 12. exf4 c5 13. d5 exd5 14.
cxd5 Na6 15. Bc4 Rae8 16. Qg3 Nb4 17. Qg5 Nc2 18. Rad1 a6 19. a4 Nd4 20. Be1 h6 21. Qxh5 Nxh5 22. Bd2 Rf6 23. Rfe1 Rxe1+ 24. Rxe1 Kf8 25.
Ne2 b5 26. axb5 axb5 27. Nxd4 bxc4 28. Nb5 Bxd5 29. Be3 Rc6 30. Rd1 Be6 31. Rd6 Rc8 32.
Rb6 Kg8 33. Nd6 Ra8 34. g3 Ra1+ 35. Kg2 Ra2 36. Kh3 g5 37. Bxc5 c3 0-1

[Event "*** Titled Tuesday Blitz"]
[Site "Chess.com"]
[Date "2020.01.07"]
[Round "7"]
[White "AleksanderHnydiuk"]
[Black "CzechmVIII"]
[Result "1-0"]
[WhiteElo "2433"]
[BlackElo "2181"]
[TimeControl "180+2"]
[EndTime "14:34:27 PST"]
[Termination "AleksanderHnydiuk won by checkmate"]

1. e4 c5 2. Nf3 d6 3. Bb5+ Nd7 4.
O-O a6 5. Bd3 Ngf6 6. c3 b5 7.
Bc2 Bb7 8. Re1 e6 9. d4 Be7 10. Nbd2 Qc7 11. Nf1 O-O 12. Ng3 Rac8 13. e5 dxe5 14. dxe5 Bxf3 15. Qxf3 Nxe5 16. Qe2 Ng6 17. a4 c4 18. axb5 axb5 19. Be3 Ra8 20. Qf3 Nd5 21. Ne4 f5 22. Ng5 Rxa1 23. Rxa1 Nxe3 24. Nxe6 Qb6 25. Nxf8 Nxc2 26. Qd5+ Kh8 27. Nxg6+ hxg6 28. Ra8+ Kh7 29.
h4 Bxh4 30. g3 Bxg3 31. Qh1+ Bh2+ 32. Qxh2# 1-0

[Event "*** Titled Tuesday Blitz"]
[Site "Chess.com"]
[Date "2020.01.07"]
[Round "7"]
[White "cukus"]
[Black "Walter_White_Poland"]
[Result "1-0"]
[WhiteElo "2454"]
[BlackElo "2251"]
[TimeControl "180+2"]
[EndTime "14:34:30 PST"]
[Termination "cukus won on time"]

1. e4 e5 2. Nf3 Nc6 3. Bb5 a6 4.
Ba4 Nf6 5. O-O b5 6. Bb3 Be7 7. d3 d6 8. a4 Na5 9. Ba2 O-O 10. h3 Be6 11. Bxe6 fxe6 12. Nc3 c6 13.
b4 Nb7 14. a5 Qc7 15. Ne2 d5 16. Rb1 dxe4 17. dxe4 Rad8 18. Qe1 Nxe4 19. Nc3 Nxc3 20.
Qxc3 e4 21. Nd4 Qe5 22. Qxc6 Rxd4 23. Qxb7 Bd6 24. g3 Qh5 25. Be3 1-0

[Event "*** Titled Tuesday Blitz"]
[Site "Chess.com"]
[Date "2020.01.07"]
[Round "7"]
[White "DamianoLew95"]
[Black "WelshTiger"]
[Result "1-0"]
[WhiteElo "2584"]
[BlackElo "2377"]
[TimeControl "180+2"]
[EndTime "14:34:37 PST"]
[Termination "DamianoLew95 won by checkmate"]

1. d4 Nf6 2. Nf3 g6 3. Nc3 d6 4. e4 Bg4 5. h3 Bxf3 6. Qxf3 Bg7 7. Be3 c6 8. Bc4 O-O 9. O-O Nbd7 10. Rfd1 Qc7 11. Bb3 e5 12. d5 c5 13. a4 a6 14.
Bc4 Nh5 15. g4 Nf4 16. Bxf4 exf4 17. Qxf4 Ne5 18. Be2 h6 19. Qh2 g5 20. h4 Qe7 21.
h5 Nd7 22. Qg3 Be5 23. Qg2 Bxc3 24. bxc3 b6 25. Rab1 a5 26. Rd3 Rab8 27. Rf3 f6 28.
Rd3 Ne5 29. Rdd1 c4 30. Rb5 Rfc8 31. Rdb1 Qa7 32. Qg3 Rc5 33. Qe3 Rxb5 34. Rxb5 Qc7 35. Kg2 Kg7 36. Rb1 Kf7 37. f4 gxf4 38. Qxf4 Kg7 39.
Rf1 Rf8 40. Qf5 Qc5 41. g5 hxg5 42. h6+ Kxh6 43. Rh1+ Kg7 44. Qh7# 1-0

[Event "*** Titled Tuesday Blitz"]
[Site "Chess.com"]
[Date "2020.01.07"]
[Round "7"]
[White "FrogMist"]
[Black "chesstatour"]
[Result "1-0"]
[WhiteElo "2399"]
[BlackElo "1989"]
[TimeControl "180+2"]
[EndTime "14:34:38 PST"]
[Termination "FrogMist won by checkmate"]

1. e4 c6 2. d4 d5 3. f3 dxe4 4. fxe4 e5 5. Nf3 Bg4 6. c3 Nf6 7. Bg5 Nbd7 8. Nbd2 Be7 9. Bd3 O-O 10. O-O exd4 11. cxd4 c5 12. e5 Nd5 13. Bxe7 Qxe7 14.
Qe2 Bh5 15. Bxh7+ Kxh7 16. Qe4+ Bg6 17. Qxd5 cxd4 18. Ne4 Rad8 19. Neg5+ Kg8 20. Qxd4 Qc5 21. Rad1 Qxd4+ 22. Rxd4 Nxe5 23. Nxe5 Rxd4 24. Nxg6 Rfd8 25.
Nxf7 Rb8 26. Nfe5 Re4 27. Rf5 Re8 28. Kf2 Re6 29. Rf8+ Kh7 30. Rh8# 1-0

[Event "*** Titled Tuesday Blitz"]
[Site "Chess.com"]
[Date "2020.01.07"]
[Round "7"]
[White "Keaton87"]
[Black "Philosopherrr"]
[Result "1-0"]
[WhiteElo "2621"]
[BlackElo "2461"]
[TimeControl "180+2"]
[EndTime "14:34:41 PST"]
[Termination "Keaton87 won by resignation"]

1. d4 Nf6 2. Bg5 e6 3. Nd2 d5 4. e3 Nbd7 5. f4 h6 6. Bh4 c5 7. c3 Qb6 8. Rb1 Bd6 9. Ngf3 cxd4 10. cxd4 O-O 11. Bd3 Be7 12. O-O Qd8 13. Ne5 Ne8 14. Bxe7 Qxe7 15. Qh5 Nd6 16. Rf3 Nf6 17. Qh4 Nf5 18.
Qf2 Nd6 19. Qh4 Nf5 20. Bxf5 exf5 21. Rc1 Be6 22. a3 Rac8 23. Rff1 Qd6 24. Qf2 Ne4 25. Nxe4 fxe4 26. f5 Bd7 27. f6 g6 28. Qf4 Kh7 29. Nxg6 Qe6 30. Ne7 Rxc1 31. Rxc1 Bc6 32. h3 Rd8 33. Kh2 Rd6 34. Rf1 Bb5 35. Rf2 Bd7 36. g4 Bc8 37. Ng8 Kxg8 38. Qxh6 1-0

[Event "*** Titled Tuesday Blitz"]
[Site "Chess.com"]
[Date "2020.01.07"]
[Round "7"]
[White "Teidi96"]
[Black "pedroholly22"]
[Result "1-0"]
[WhiteElo "2182"]
[BlackElo "2321"]
[TimeControl "180+2"]
[EndTime "14:34:41 PST"]
[Termination "Teidi96 won by resignation"]

1. e4 c5 2. Nf3 d6 3. Bb5+ Nd7 4. d4 cxd4 5. Qxd4 a6 6. Bxd7+ Bxd7 7. c4 e5 8. Qd3 Nf6 9. Nc3 Rc8 10. a4 Be7 11. O-O O-O 12. b3 Be6 13. Ba3 Nd7 14. Rfd1 Nc5 15.
Qc2 Qc7 16. Nd5 Bxd5 17. Rxd5 b5 18. axb5 axb5 19. Bxc5 dxc5 20. cxb5 c4 21. bxc4 Qxc4 22. Qxc4 Rxc4 23. Nxe5 Rxe4 24. Nc6 Bf6 25. Rb1 Rfe8 26. g3 R4e6 27. Na5 Rb8 28. Nc4 Re4 29. Nd6 Rd4 30. Rxd4 Bxd4 31. Nc4 g6 32. b6 Rb7 33. Kg2 Kf8 34. Rd1 Bc5 35. Rd5 Be7 36. Rb5 Bd8 37. Kf3 f5 38. Ke3 Ke7 39. Kd4 Kd7 40. Kd5 g5 41. Ne5+ Ke7 42. Nc6+ Kd7 43. Nxd8 Kxd8 44. Kc6 Kc8 45. Rxf5 Rc7+ 46. bxc7 1-0

[Event "*** Titled Tuesday Blitz"]
[Site "Chess.com"]
[Date "2020.01.07"]
[Round "7"]
[White "Faqade"]
[Black "Hadza_3"]
[Result "1-0"]
[WhiteElo "2659"]
[BlackElo "2406"]
[TimeControl "180+2"]
[EndTime "14:34:46 PST"]
[Termination "Faqade won by checkmate"]

1. Nf3 Nf6 2. g3 g6 3. Bg2 Bg7 4. O-O d6 5. d3 c6 6. e4 e5 7.
a4 a5 8. Nbd2 O-O 9. Nc4 Qc7 10.
Re1 Be6 11. Ne3 h6 12. b3 Nbd7 13. Ba3 c5 14. Nd2 Nh7 15. Bb2 Rae8 16. Ndc4 Nb6 17. Nxa5 f5 18. Nac4 f4 19. Nd5 Nxd5 20. exd5 Bc8 21.
a5 Ng5 22. h4 Nh3+ 23. Bxh3 Bxh3 24. a6 b5 25. Nd2 Qd7 26. Qe2 f3 27. Qe4 Bg2 28. g4 Rf4 29. Qxf4 exf4 30. Rxe8+ Qxe8 31. a7 Qd7 32. a8=Q+ Bf8 33. Ra7 Qxg4 34. Rg7+ Kh8 35. Qxf8# 1-0

[Event "*** Titled Tuesday Blitz"]
[Site "Chess.com"]
[Date "2020.01.07"]
[Round "7"]
[White "gena217"]
[Black "tigra"]
[Result "1-0"]
[WhiteElo "2948"]
[BlackElo "2761"]
[TimeControl "180+2"]
[EndTime "14:34:49 PST"]
[Termination "gena217 won by resignation"]

1. e4 c5 2. Nf3 g6 3. c3 Bg7 4.
d4 cxd4 5. cxd4 d5 6. e5 Bg4 7.
Bb5+ Nd7 8. O-O a6 9. Ba4 e6 10. Nbd2 b5 11. Bc2 Ne7 12. h3 Bf5 13. Nb3 Rc8 14. Bxf5 Nxf5 15. Bg5 Qb6 16. g4 Ne7 17. Qd2 h6 18. Bxe7 Kxe7 19. Qb4+ Kd8 20. Rfc1 Rc4 21. Qd2 Ke7 22. Na5 Rxc1+ 23. Rxc1 Ra8 24. Rc6 Qb8 25.
Qc1 Bf8 26. Rc7 Ke8 27. Qc6 Qd8 28. Rxd7 Qxd7 29. Qxa8+ Qd8 30. Qxa6 Qb8 31. Nc6 Qc7 32. Qxb5 Kd7 33. Nb4+ Kd8 34. Kg2 g5 35. a4 Qc4 36.
Qxc4 dxc4 37. Nc6+ Kc7 38. Na5 1-0

[Event "*** Titled Tuesday Blitz"]
[Site "Chess.com"]
[Date "2020.01.07"]
[Round "7"]
[White "TheBigBadChessDad"]
[Black "Ariadna_Atreides"]
[Result "1-0"]
[WhiteElo "2281"]
[BlackElo "2054"]
[TimeControl "180+2"]
[EndTime "14:34:51 PST"]
[Termination "TheBigBadChessDad won by resignation"]

1. d4 e6 2. g3 c5 3. c3 Nf6 4. Bg2 d5 5. Bg5 Nc6 6. e3 Be7 7. Nd2 b6 8. f4 Bb7 9. Ngf3 Ne4 10. Bxe7 Qxe7 11. Nxe4 dxe4 12. Ne5 Nxe5 13. fxe5 cxd4 14. exd4 O-O 15. O-O Qg5 16. Qe2 f5 17. exf6 gxf6 18. Bxe4 Bxe4 19. Qxe4 Rae8 20. Qf4 Qd5 21. a3 Qc4 22.
Rae1 Rf7 23. Rf2 Qd3 24. Qe4 Qc4 25. Rfe2 Rfe7 26. Qg4+ Rg7 27. Qh4 f5 28. Qf4 Qd5 29. Re5 Qc4 30. Rxf5 Rge7 31. Rg5+ Rg7 32. Rxg7+ Kxg7 33. Rf1 Qb3 34. Qf6+ Kg8 35. Qf7+ Kh8 36. Qxe8+ 1-0

[Event "*** Titled Tuesday Blitz"]
[Site "Chess.com"]
[Date "2020.01.07"]
[Round "7"]
[White "Witik"]
[Black "hansen"]
[Result "0-1"]
[WhiteElo "2680"]
[BlackElo "2875"]
[TimeControl "180+2"]
[EndTime "14:34:53 PST"]
[Termination "hansen won on time"]

1. e4 c5 2. Nf3 e6 3. d4 cxd4 4. Nxd4 a6 5. c4 Qc7 6. Nc3 Nf6 7. a3 Nc6 8. Be3 Be7 9. Be2 O-O 10. O-O d6 11. Rc1 Ne5 12. f4 Ng6 13. f5 exf5 14. exf5 Ne5 15. g4 h6 16. g5 hxg5 17. Bxg5 Re8 18.
Bxf6 Bxf6 19. Nd5 Qd8 20. Kh1 Bd7 21. Rc3 Bc6 22. Rh3 Bxd5+ 23. cxd5 Qb6 24. Rg1 Rac8 25.
Ne6 fxe6 26. fxe6 Qxb2 27. Bd3 Nxd3 28. Qxd3 Rc1 29. Qh7+ Kf8 30. Qg6 Rxg1+ 31. Kxg1 Bd4+ 32. Kh1 Qc1+ 33. Kg2 Qg1+ 34. Kf3 Qxg6 0-1

[Event "*** Titled Tuesday Blitz"]
[Site "Chess.com"]
[Date "2020.01.07"]
[Round "7"]
[White "quesfr"]
[Black "Manukyan_Artak"]
[Result "1/2-1/2"]
[WhiteElo "2211"]
[BlackElo "2463"]
[TimeControl "180+2"]
[EndTime "14:35:01 PST"]
[Termination "Game drawn by repetition"]

1. e4 c5 2. c3 Nf6 3. e5 Nd5 4. Nf3 e6 5. g3 Nc6 6. Bg2 Nb6 7. O-O d5 8. exd6 Bxd6 9. d4 O-O 10. dxc5 Bxc5 11.
Bf4 Nd5 12. Bg5 Be7 13. Bxe7 Qxe7 14. Qe2 Rd8 15. Nbd2 b6 16. Rad1 Bb7 17. Rfe1 Nf6 18. Ne4 Nxe4 19. Qxe4 Na5 20. Qf4 h6 21. Ne5 Bxg2 22. Kxg2 Qf6 23. Qxf6 gxf6 24. Nf3 e5 25. Nh4 Kh7 26. Nf5 Nc6 27. h3 Kg6 28. g4 h5 29. Kf3 hxg4+ 30. hxg4 Kh7 31. Rh1+ Kg8 32.
Nh6+ Kg7 33. Nf5+ Kg8 34. Nh6+ Kf8 35. Nf5 Kg8 1/2-1/2